AoeStats
← gabriel.garrido

Nomad

503165633Analyzed
1v1 RM · 1mo ago on Aug 30, 2026· 34m 38s· 2 players
Game mode
Random Map
Map size
126×126
Population
200
Speed
Normal
Resources
Standard
Victory
Conquest
Starting age
Dark Age
Ending age
Imperial Age
RankedLock teamsTeams togetherTeam positionsShared explorationLock speedFull tech treeHidden civsTurbo modeCheats
Victory
Defeat
🇨🇱 Tupi · Chile
1119
+17
🇺🇸 Berbers · United States
1146
-17
gabriel.garrido
12:23 Loom
16:06 Feudal Age
16:30 Champi Runner
18:19 Scale Mail Armor
19:36 Forging
20:16 Arson
25:32 Castle Age
23:42 Double-Bit Axe
26:34 Chain Mail Armor
26:55 Iron Casting
26:47 Squires
28:01 Medium Warships
31:07 Horse Collar
31:20 Gold Mining
31:43 Bow Saw
33:49 Fletching
Bear Man
3:25 Loom
14:38 Feudal Age
15:05 Double-Bit Axe
16:04 Gold Mining
18:02 Fishing Lines
21:01 Castle Age
19:34 Fletching
21:55 Bow Saw
24:09 Stone Mining
25:25 Wheelbarrow
26:12 Stone Shaft Mining
26:57 Gold Shaft Mining
26:03 Man-at-Arms
26:43 Squires
26:29 Arson
27:07 Gillnets
27:01 Long Swordsman
30:07 Bodkin Arrow
32:42 Husbandry
32:51 Horse Collar
Connection lost

Rejoining the realm…

Still unreachable

The connection could not be restored.

Session expired

The server has moved on; the page needs a fresh start.